 Dungeon Crawl Stone Soup version 0.26.0-10-g1f06aea511 (webtiles) character file.

Game seed: 10119405639735471744

297 MisterFreud the Ruffian (level 6, 0/88 HPs)
             Began as a Troll Berserker on Jan 14, 2021.
             Was a Priest of Trog.
             Slain by a gnoll
             ... wielding a +0 flail
              (8 damage)
             ... on level 3 of the Dungeon.
             The game lasted 00:02:31 (1499 turns).

MisterFreud the Ruffian (Troll Berserker)           Turns: 1499, Time: 00:02:32

Health: 0/88       AC:  6    Str: 26    XL:     6   Next: 12%
Magic:  5/5        EV: 10    Int:  5    God:    Trog [***...]
Gold:   102        SH:  0    Dex:  9    Spells: 5/5 levels left

rFire    . . .     SeeInvis .     - Unarmed
rCold    . . .     Faith    .   (no shield)
rNeg     . . .     Spirit   .   a - +0 animal skin
rPois    .         Reflect  .   (helmet restricted)
rElec    .         Harm     .   (no cloak)
rCorr    .         Rampage  .   (gloves unavailable)
Will     .....                  (boots unavailable)
Stlth    ..........             (no amulet)
HPRegen  0.64/turn              (no ring)
MPRegen  0.09/turn              (no ring)

@: berserking, very quick
A: large, unfitting armour, claws 3, regeneration 1, shaggy fur 1, tough skin 3
a: Renounce Religion, Berserk, Trog's Hand


You were on level 3 of the Dungeon.
You worshipped Trog.
Trog was most pleased with you.
You visited 1 branch of the dungeon, and saw 3 of its levels.

You collected 102 gold pieces.

Inventory:

Hand Weapons
 m - a +0 whip of venom
 s - a +2 dagger of electrocution
Missiles
 k - 4 atropa-tipped darts
Armour
 a - a +0 animal skin (worn)
Jewellery
 b - an uncursed amulet of guardian spirit {unknown}
 q - an uncursed ring of resist corrosion {unknown}
Wands
 r - a wand of flame (17)
Scrolls
 c - a scroll of amnesia {unknown}
 d - 3 scrolls of identify {unknown}
 e - a scroll of enchant weapon {unknown}
 g - a scroll of noise {unknown}
 h - a scroll of enchant armour {unknown}
 t - a scroll of fog {unknown}
Potions
 f - 3 potions of curing {unknown}
 i - 2 potions of flight {unknown}
 j - a potion of magic {unknown}
 l - a potion of might {unknown}
 n - a potion of brilliance {unknown}
 o - 2 potions of lignification {unknown}
 p - 3 potions of attraction {unknown}


   Skills:
 - Level 2.4 Fighting
 - Level 2.4 Dodging
 + Level 6.9 Unarmed Combat


You had 5 spell levels left.
You didn't know any spells.
Your spell library was empty.

Dungeon Overview and Level Annotations

Branches:
Dungeon (3/15)

Altars:
Elyvilon
Nemelex Xobeh


Innate Abilities, Weirdness & Mutations

You are too large for most types of armour.
You have claws for hands.
Your natural rate of healing is unusually fast.
You are covered in fur. (AC +1)
You have extremely tough skin. (AC +3)


Message History

The gnoll is heavily wounded.
The gnoll barely misses you. The gnoll hits you with a +0 flail!
* * * LOW HITPOINT WARNING * * *
A red film seems to cover your vision as you go berserk!
You feel yourself moving faster!
You feel mighty! The gnoll hits you with a +0 spear.
* * * LOW HITPOINT WARNING * * *
You claw the gnoll!
The gnoll is severely wounded.
The gnoll hits you with a +0 flail.
* * * LOW HITPOINT WARNING * * *
The gnoll barely misses you.
You barely miss the gnoll.
The gnoll is severely wounded.
You mangle the gnoll!!
You feel the power of Trog in you as your rage grows.
You kill the gnoll!
Trog accepts your kill. The gnoll hits you with a +0 flail!
You die...

##...## #.##########
#..#..# #.########
##.###.# #........#
....#..###........#
##..>....##..####..###
.###..#.##.##..##.......
..... #..†#.#.....#†.###
#...##†###......#..#
#...g@..#.#........#
......)###.##<......##
#..###. ######...### .
#. #...# #. #...# ..
#...# ## #####...######
..............
..............


You could see a gnoll.

Vanquished Creatures
  Sigmund (D:3)
  Robin (D:2)
  2 gnolls (D:3)
  5 adders
  An ooze (D:3)
  A worm (D:3)
  2 dart slugs (D:2)
  A leopard gecko (D:2)
  3 orcs (D:3)
  2 ball pythons
  4 giant cockroaches
  10 goblins
  11 hobgoblins
  2 jackals (D:2)
  A quokka (D:2)
  4 bats
  A frilled lizard (D:1)
  4 kobolds
  6 rats
62 creatures vanquished.

Notes
Turn   | Place    | Note
-------+----------+-------------------------------------------
     0 | D:1      | MisterFreud the Troll Berserker began the quest for the
                  | Orb.
     0 | D:1      | Reached XP level 1. HP: 22/22 MP: 0/0
   205 | D:1      | Reached XP level 2. HP: 29/29 MP: 1/1
   764 | D:2      | Reached skill level 4 in Unarmed Combat
   930 | D:2      | Found a sparkling altar of Nemelex Xobeh.
   938 | D:2      | Reached XP level 3. HP: 34/36 MP: 2/2
  1023 | D:2      | Noticed Robin
  1032 | D:2      | Reached ** piety under Trog
  1041 | D:2      | Killed Robin
  1108 | D:2      | Reached skill level 5 in Unarmed Combat
  1108 | D:2      | Reached XP level 4. HP: 44/44 MP: 3/3
  1206 | D:3      | Found a white marble altar of Elyvilon.
  1332 | D:3      | Noticed Sigmund
  1354 | D:3      | Killed Sigmund
  1355 | D:3      | Reached skill level 6 in Unarmed Combat
  1355 | D:3      | Reached XP level 5. HP: 50/50 MP: 4/4
  1466 | D:3      | Reached XP level 6. HP: 59/59 MP: 5/5
  1486 | D:3      | Reached *** piety under Trog
  1499 | D:3      | Slain by a gnoll

Illustrated notes

Levels and vault maps discovered:
D:1:      wander_arrival_chamber, layout_basic
D:2:      layout_loops_cross, nemelex_xobeh_ov_fountains_minmay, uniq_robin
D:3:      layout_loops_cross, lemuel_round_altar, uniq_sigmund, uniq_natasha

Skill      XL: |  1  2  3  4 |
---------------+-------------+-----
Unarmed Combat | 4 5 6 |  6.9
Fighting       | |  2.4
Dodging        | |  2.4

Action                   |  1- 3 |  4- 6 || total
-------------------------+-------+-------++-------
Melee: Unarmed           |    95 |    74 ||   169
       Punch             |     3 |     3 ||     6
Invok: Berserk           |       |     1 ||     1
 Stab: Sleeping          |       |     1 ||     1
Armor: Animal skin       |    23 |    27 ||    50
Dodge: Dodged            |    42 |    43 ||    85
